Map: Jagannatha LE

Players

ShoWTimE

  • Race: Protoss Protoss
  • League: Grandmaster

Serral - Winner!

  • Race: Zerg Zerg
  • League: Grandmaster

VOD

Have the link to the VOD?

Description

Not my replay, one of showtime

Time

  • Played on: Sept. 2, 2021, 1:50 p.m.
  • Length: 30:03
Show
View Real Time Build Order
Export as new Build Order

ShoWTimE Protoss 

Build Orders: 1 Gate Expand, Oracle Opening, Carriers 

Get SALT Encoding   

  12  0:00  Probe  
  13  0:12  Probe  
  14  0:19  Pylon  
  14  0:24  Probe (Chrono Boost)  
  15  0:37  Probe (Chrono Boost)  
  15  0:39  Gateway  
  16  0:45  Probe (Chrono Boost)  
  16  0:47  Assimilator  
  17  0:52  Probe  
  18  1:04  Probe  
  19  1:16  Probe  
  20  1:24  Nexus  
  20  1:34  Cybernetics Core  
  20  1:37  Probe  
  21  1:43  Assimilator  
  21  1:49  Probe  
  21  1:52  Pylon  
  23  2:01  Probe (Chrono Boost)  
  23  2:10  Adept  
  23  2:13  Probe (Chrono Boost)  
  26  2:17  Stargate  
  26  2:20  Probe (Chrono Boost)  
  27  2:25  Warp Gate  
  27  2:27  Probe (Chrono Boost)  
  30  2:38  Probe (Chrono Boost)  
  30  2:39  Probe (Chrono Boost)  
  30  2:40  Adept  
  32  2:45  Probe (Chrono Boost)  
  32  2:46  Probe (Chrono Boost)  
  32  2:50  Probe (Chrono Boost)  
  34  2:53  Void Ray (Chrono Boost)  
  34  2:54  Probe  
  36  3:02  Probe  
  41  3:06  Probe  
  41  3:10  Pylon  
  42  3:14  Probe  
  42  3:18  Probe  
  44  3:26  Gateway  
  44  3:27  Probe  
  45  3:30  Oracle (Chrono Boost), Probe  
  49  3:39  Probe  
  50  3:42  Probe  
  50  3:46  Pylon  
  51  3:51  Nexus  
  51  3:54  Probe  
  52  3:56  Probe  
  52  3:58  Assimilator  
  52  4:00  Assimilator  
  53  4:06  Probe  
  53  4:08  Probe  
  55  4:10  Void Ray  
  55  4:12  Pylon  
  59  4:18  Probe (Chrono Boost)  
  59  4:20  Protoss Air Weapons Level 1  
  59  4:22  Probe (Chrono Boost)  
  61  4:27  Pylon  
  61  4:30  Probe (Chrono Boost)  
  62  4:37  Probe (Chrono Boost)  
  62  4:38  Stargate, Probe (Chrono Boost)  
  64  4:40  Forge  
  64  4:44  Probe x2  
  65  4:47  Void Ray  
  66  4:55  Pylon  
  66  4:56  Probe  
  66  4:57  Probe  
  73  5:09  Probe x2 (Chrono Boost)  
  73  5:11  Probe (Chrono Boost)  
  73  5:14  Assimilator, Robotics Facility  
  75  5:16  Assimilator  
  75  5:17  Void Ray  
  75  5:18  Probe (Chrono Boost)  
  75  5:19  Probe (Chrono Boost)  
  75  5:20  Pylon  
  78  5:21  Probe (Chrono Boost)  
  78  5:27  Probe (Chrono Boost)  
  84  5:29  Pylon, Probe (Chrono Boost)  
  84  5:30  Void Ray  
  84  5:31  Probe (Chrono Boost)  
  86  5:37  Probe x2 (Chrono Boost)  
  86  5:38  Probe (Chrono Boost)  
  92  5:45  Probe  
  92  5:47  Probe  
  92  5:48  Probe  
  92  5:55  Void Ray  
  92  5:57  Sentry, Probe  
  92  5:58  Gateway x2  
  92  6:01  Gateway  
  92  6:03  Gateway  
  99  6:08  Observer  
  99  6:11  Robotics Bay, Pylon  
  100  6:20  Fleet Beacon  
  100  6:21  Pylon, Stargate  
  100  6:30  Nexus  
  100  6:35  Pylon  
  100  6:39  Photon Cannon  
  100  6:41  Photon Cannon, Probe x2  
  100  6:43  Shield Battery, Probe  
  103  6:50  Photon Cannon  
  103  6:53  Probe  
  104  6:54  Probe  
  104  6:55  Shield Battery, Probe  
  104  6:56  Disruptor (Chrono Boost)  
  109  7:03  Photon Cannon  
  109  7:05  Probe  
  109  7:06  Probe  
  109  7:07  Probe  
  112  7:14  Carrier (Chrono Boost)  
  118  7:17  Probe  
  125  7:24  Carrier x2 (Chrono Boost)  
  130  7:31  Observer  
  130  7:32  Assimilator  
  130  7:33  Photon Cannon  
  130  7:36  Assimilator, Probe  
  132  7:38  Photon Cannon  
  132  7:41  Photon Cannon  
  132  7:50  Protoss Ground Weapons Level 1 (Chrono Boost)  
  132  7:52  Twilight Council  
  132  8:09  Carrier (Chrono Boost)  
  138  8:12  Gateway  
  138  8:13  Gateway  
  144  8:22  Gateway, Photon Cannon, Carrier (Chrono Boost)  
  144  8:23  Charge (Chrono Boost), Pylon  
  144  8:26  Immortal (Chrono Boost)  
  144  8:31  Templar Archives  
  148  8:42  Photon Cannon  
  148  8:43  Carrier (Chrono Boost)  
  148  8:45  Photon Cannon  
  148  8:47  Pylon  
  154  8:54  Pylon  
  154  8:55  Pylon  
  154  8:57  Pylon  
  154  9:00  Pylon  
  154  9:10  Psionic Storm  
  154  9:11  High Templar x3  
  154  9:13  Warp Prism (Chrono Boost)  
  162  9:17  Pylon  
  162  9:22  Nexus  
  162  9:24  Forge  
  162  9:25  High Templar  
  162  9:30  Pylon  
  164  9:35  Zealot x4  
  170  9:41  Cybernetics Core  
  170  9:51  Cybernetics Core  
  170  9:52  Protoss Ground Weapons Level 2 (Chrono Boost)  
  165  9:53  Zealot x3, Protoss Shields Level 1 (Chrono Boost)  
  170  10:01  Photon Cannon  
  170  10:02  Photon Cannon  
  170  10:04  Photon Cannon  
  170  10:07  Zealot x5  
  170  10:13  Gateway  
  180  10:17  Photon Cannon  
  180  10:21  Assimilator  
  180  10:26  Assimilator  
  180  10:30  Immortal  
  180  10:32  High Templar  
  180  10:33  High Templar x3  
  184  10:38  Protoss Air Weapons Level 2 (Chrono Boost)  
  184  10:42  Archon  
  182  10:43  Archon  
  164  10:50  Void Ray x2  
  164  10:54  High Templar x4  
  180  10:58  Archon x2  
  180  11:03  Zealot  
  182  11:10  Immortal  
  186  11:12  Protoss Air Armor Level 1 (Chrono Boost)  
  186  11:17  High Templar x2  
  186  11:18  Flux Vanes  
  190  11:24  Shield Battery  
  190  11:28  Shield Battery  
  190  11:33  Photon Cannon  
  190  11:35  Mothership (Chrono Boost), Photon Cannon  
  198  11:53  High Templar  
  200  11:55  Protoss Shields Level 2 (Chrono Boost)  
  200  12:01  Photon Cannon  
  198  12:02  Protoss Ground Weapons Level 3 (Chrono Boost)  
  198  12:03  Pylon  
  196  12:16  High Templar  
  196  12:21  Zealot  
  187  12:37  Nexus, Carrier (Chrono Boost)  
  187  12:39  Pylon  
  199  12:46  Pylon  
  199  12:47  Carrier (Chrono Boost)  
  199  12:54  Gravitic Drive  
  199  13:03  Protoss Air Weapons Level 3 (Chrono Boost), Photon Cannon  
  199  13:04  Photon Cannon  
  199  13:06  Photon Cannon  
  199  13:08  Photon Cannon  
  199  13:09  Photon Cannon  
  199  13:12  Shield Battery  
  199  13:14  Shield Battery  
  199  13:16  Pylon  
  199  13:20  Assimilator  
  199  13:24  Assimilator  
  199  13:25  Protoss Air Armor Level 2  
  188  13:47  Warp Prism (Chrono Boost)  
  190  14:00  High Templar x2  
  194  14:14  Photon Cannon  
  194  14:16  Observer (Chrono Boost)  
  195  14:22  Stalker  
  195  14:23  Nexus  
  195  14:25  Pylon  
  195  14:27  Void Ray x2 (Chrono Boost)  
  195  14:28  Shield Battery  
  187  14:33  Void Ray (Chrono Boost)  
  187  14:35  Stargate  
  191  14:42  Stargate  
  191  14:46  Photon Cannon  
  191  14:47  Photon Cannon  
  191  14:49  Photon Cannon  
  191  14:51  Photon Cannon  
  191  14:53  Shield Battery  
  191  14:55  Shield Battery  
  191  14:57  Photon Cannon  
  191  14:58  Protoss Shields Level 3 (Chrono Boost)  
  191  14:59  Pylon  
  189  15:01  Assimilator  
  189  15:02  Zealot x4  
  189  15:03  Zealot  
  189  15:05  Assimilator  
  197  15:28  Void Ray x2  
  193  15:32  Mothership (Chrono Boost)  
  193  15:42  Void Ray  
  194  16:02  Zealot x7  
  183  16:23  High Templar, Immortal (Chrono Boost)  
  183  16:24  High Templar  
  187  16:31  Protoss Ground Armor Level 1 (Chrono Boost)  
  189  16:35  Zealot x4  
  189  16:36  Zealot x2  
  189  16:37  Protoss Air Armor Level 3 (Chrono Boost)  
  193  16:52  Nexus  
  191  16:54  Pylon  
  191  16:56  Pylon  
  191  17:08  Pylon  
  181  17:23  Photon Cannon  
  181  17:25  Photon Cannon  
  181  17:26  Photon Cannon  
  181  17:27  Photon Cannon  
  181  17:30  Photon Cannon  
  181  17:31  Gravitic Boosters (Chrono Boost)  
  181  17:32  Shield Battery  
  181  17:33  Shield Battery, Observer (Chrono Boost)  
  181  17:37  Shield Battery  
  178  17:39  Pylon  
  178  17:40  Zealot x5  
  185  17:45  Zealot x4  
  181  18:04  Carrier x2 (Chrono Boost)  
  189  18:16  Carrier (Chrono Boost)  
  189  18:17  Carrier x2 (Chrono Boost), Observer (Chrono Boost)  
  176  18:36  Zealot x10  
  176  18:38  Probe x4  
  180  18:59  Carrier (Chrono Boost)  
  182  19:15  Void Ray x2 (Chrono Boost)  
  187  19:17  Observer  
  187  19:22  High Templar x2  
  200  19:26  Void Ray (Chrono Boost)  
  200  19:27  Archon  
  198  19:32  Void Ray (Chrono Boost)  
  198  19:37  Assimilator  
  196  19:40  Assimilator  
  196  19:44  Protoss Ground Armor Level 2 (Chrono Boost)  
  196  19:48  Oracle (Chrono Boost)  
  192  20:27  Void Ray x3  
  178  20:38  Probe x2  
  178  20:39  Probe x2  
  182  20:45  High Templar x8  
  182  20:46  High Templar  
  182  20:49  Archon  
  200  20:50  Archon x3  
  192  21:16  High Templar  
  192  21:17  High Templar x2  
  192  21:18  High Templar  
  200  21:22  Archon  
  200  21:23  Archon  
  192  21:41  Zealot x4  
  190  22:08  Void Ray x3  
  184  22:09  Void Ray x2  
  195  22:44  Observer  
  189  22:57  Photon Cannon  
  189  22:59  Photon Cannon  
  189  23:01  Photon Cannon  
  189  23:08  Nexus  
  189  23:11  Pylon  
  189  23:14  Pylon  
  189  23:21  Zealot x5  
  189  23:24  Pylon  
  173  23:52  Zealot x4  
  173  23:53  High Templar  
  173  23:54  High Templar x3  
  189  23:57  Photon Cannon, Immortal (Chrono Boost)  
  189  23:58  Archon  
  189  23:59  Photon Cannon, Archon  
  189  24:00  Photon Cannon  
  193  24:03  Photon Cannon, Zealot  
  192  24:19  Carrier (Chrono Boost)  
  198  24:29  Assimilator  
  198  24:31  Shield Battery  
  198  24:33  Shield Battery  
  198  24:35  Shield Battery, Assimilator  
  198  24:42  Shield Battery  
  192  25:19  High Templar x2  
  192  25:20  High Templar x6  
  196  25:25  Archon x4, Carrier x2 (Chrono Boost)  
  187  25:52  High Templar x5  
  195  26:06  Carrier (Chrono Boost)  
  183  26:24  Zealot x4  
  183  26:25  Zealot x3  
  189  26:34  Carrier  
  183  26:45  Carrier  
  189  26:58  Carrier  
  195  27:03  Observer (Chrono Boost)  
  171  27:28  Zealot x6  
  182  27:45  Pylon  
  182  27:48  Pylon x2  
  182  27:49  Pylon  
  182  28:15  Observer  
  183  28:29  High Templar x2  
  183  28:30  Nexus  
  183  28:31  Pylon  
  183  28:33  Archon  
  157  29:05  High Templar x2  
  161  29:18  High Templar  
Show
View Real Time Build Order
Export as new Build Order

Serral Zerg - Winner!

Build Orders: Hatch First, Brood Lord Corruptor 

Get SALT Encoding   

  12  0:00  Drone  
  13  0:12  Overlord  
  13  0:16  Drone  
  14  0:30  Drone  
  14  0:31  Drone  
  16  0:48  Hatchery  
  15  0:51  Drone  
  15  0:54  Drone  
  17  0:58  Drone  
  18  1:08  Extractor  
  17  1:13  Spawning Pool  
  17  1:17  Drone  
  17  1:20  Drone  
  18  1:28  Drone  
  19  1:38  Drone  
  20  1:48  Overlord  
  20  2:00  Queen x2  
  26  2:01  Zergling x4  
  26  2:10  Drone  
  26  2:11  Drone  
  26  2:12  Metabolic Boost  
  28  2:21  Drone  
  28  2:22  Drone  
  30  2:35  Hatchery  
  29  2:39  Drone  
  29  2:40  Drone  
  31  2:46  Queen  
  31  2:50  Overlord  
  33  2:54  Drone  
  33  2:56  Drone  
  33  2:58  Drone  
  36  3:03  Overlord  
  36  3:10  Drone  
  36  3:11  Drone x3  
  40  3:14  Drone x2  
  40  3:17  Drone  
  40  3:19  Drone  
  44  3:23  Queen  
  46  3:27  Overlord  
  46  3:32  Queen  
  48  3:34  Drone  
  48  3:37  Overlord  
  49  3:46  Zergling x4  
  49  3:47  Zergling x2  
  52  3:48  Drone  
  52  3:49  Drone  
  52  3:50  Drone  
  52  3:53  Spore Crawler  
  52  3:55  Drone x2, Spore Crawler  
  55  3:59  Drone x2  
  57  4:07  Drone x3  
  60  4:11  Queen  
  60  4:12  Overlord  
  60  4:15  Zergling x2  
  63  4:17  Drone x2  
  63  4:21  Overlord  
  64  4:25  Drone  
  64  4:29  Spore Crawler  
  64  4:31  Zergling x2  
  65  4:33  Drone x2, Roach Warren  
  65  4:34  Drone  
  65  4:37  Drone x2  
  65  4:38  Drone  
  70  4:42  Drone x2  
  70  4:44  Drone x2  
  74  4:48  Lair  
  74  4:50  Extractor  
  74  4:52  Extractor, Zergling x2, Overlord  
  72  4:53  Drone  
  72  4:57  Drone, Overlord  
  74  5:01  Drone  
  74  5:02  Extractor x2  
  74  5:04  Drone x3  
  74  5:05  Evolution Chamber  
  75  5:07  Overlord  
  75  5:09  Drone x2  
  75  5:12  Drone  
  75  5:13  Drone  
  78  5:15  Drone  
  78  5:16  Drone  
  78  5:20  Queen  
  78  5:21  Queen  
  84  5:23  Drone x2  
  84  5:27  Drone  
  84  5:28  Drone x3  
  90  5:31  Extractor  
  89  5:35  Hatchery  
  89  5:37  Drone x2  
  89  5:42  Zerg Missile Weapons Level 1  
  89  5:44  Drone x3  
  89  5:49  Drone x3  
  96  5:50  Drone x2  
  96  5:51  Glial Reconstitution  
  96  5:56  Infestation Pit  
  96  6:01  Spire  
  95  6:05  Baneling Nest  
  95  6:08  Zergling x10  
  95  6:11  Drone x4  
  100  6:12  Drone  
  100  6:15  Overseer  
  100  6:21  Evolution Chamber  
  100  6:22  Queen x2  
  100  6:25  Overlord  
  103  6:26  Overlord  
  103  6:32  Hive  
  103  6:34  Extractor, Drone  
  103  6:35  Drone  
  103  6:36  Extractor  
  103  6:38  Overlord  
  103  6:39  Overlord  
  103  6:44  Drone x5  
  108  6:47  Overlord  
  108  6:48  Drone  
  108  6:49  Drone x2  
  108  6:52  Drone  
  111  6:55  Zerg Ground Armor Level 1  
  111  6:58  Centrifical Hooks  
  111  7:01  Overlord  
  111  7:02  Roach x2  
  111  7:04  Overseer  
  117  7:08  Roach x3  
  117  7:09  Roach  
  123  7:18  Hatchery  
  122  7:26  Spore Crawler  
  121  7:30  Drone x3  
  121  7:31  Drone  
  121  7:32  Spore Crawler  
  121  7:33  Drone x2  
  121  7:35  Drone  
  121  7:36  Drone x4  
  121  7:37  Spire, Drone  
  132  7:39  Overlord x4  
  131  7:45  Greater Spire  
  131  7:50  Viper x4, Ultralisk Cavern  
  142  7:55  Zerg Melee Weapons Level 1  
  142  7:57  Extractor, Zergling x8  
  145  7:59  Extractor  
  145  8:00  Overlord x2  
  144  8:07  Drone  
  144  8:08  Drone  
  144  8:11  Spine Crawler  
  145  8:16  Pneumatized Carapace  
  145  8:24  Corruptor x6  
  157  8:36  Chitinous Plating  
  157  8:46  Ultralisk  
  157  8:47  Hatchery  
  167  8:49  Roach, Zergling x2  
  167  8:50  Zergling x10  
  174  8:57  Ultralisk x2  
  180  9:04  Zerg Flyer Weapons Level 1, Zerg Flyer Armor Level 1  
  180  9:16  Ultralisk  
  186  9:23  Corruptor x3  
  187  9:39  Corruptor x4  
  191  9:46  Extractor  
  191  9:48  Extractor  
  191  9:49  Corruptor x3  
  185  9:55  Spine Crawler x2  
  185  9:56  Spine Crawler  
  185  9:57  Drone x3  
  185  9:58  Anabolic Synthesis  
  176  10:06  Zerg Melee Weapons Level 2  
  176  10:07  Zerg Ground Armor Level 2  
  176  10:08  Zergling x2  
  176  10:09  Zergling x16  
  176  10:12  Drone x5  
  190  10:18  Zergling x4  
  190  10:20  Adrenal Glands  
  192  10:22  Overseer x2, Spore Crawler x3  
  192  10:23  Spore Crawler x2  
  192  10:24  Spore Crawler  
  185  10:36  Corruptor x5  
  194  10:48  Corruptor x4  
  189  10:53  Corruptor  
  189  10:54  Corruptor  
  185  11:06  Brood Lord x2  
  185  11:09  Spore Crawler x2  
  185  11:15  Brood Lord x2  
  189  11:23  Drone x5  
  194  11:32  Spore Crawler  
  193  11:33  Brood Lord x3, Spore Crawler  
  193  11:34  Spore Crawler x2  
  193  11:35  Spore Crawler  
  193  11:36  Spore Crawler  
  193  11:38  Overseer  
  194  11:44  Zerg Flyer Armor Level 2  
  194  11:47  Queen x2  
  198  12:09  Overlord x2  
  198  12:12  Zerg Flyer Weapons Level 2  
  198  12:14  Overlord  
  196  12:19  Hatchery, Pathogen Glands  
  184  12:33  Viper x2  
  190  12:38  Drone x4  
  190  12:39  Drone x3, Spore Crawler  
  190  12:41  Spore Crawler x5  
  190  12:42  Spore Crawler x2  
  190  12:43  Spore Crawler  
  190  12:44  Zergling x12  
  194  12:46  Overseer  
  194  12:52  Drone x2  
  194  12:53  Drone x2  
  198  13:01  Overlord  
  198  13:02  Hatchery  
  198  13:03  Spore Crawler x2  
  198  13:04  Spore Crawler  
  194  13:10  Zerg Ground Armor Level 3, Zerg Melee Weapons Level 3, Spore Crawler  
  193  13:17  Infestor x3  
  195  13:51  Drone x4  
  199  14:01  Baneling x6, Spore Crawler  
  199  14:02  Spore Crawler x3  
  196  14:03  Spore Crawler  
  196  14:04  Spore Crawler x3  
  196  14:05  Spore Crawler x2  
  196  14:06  Zerg Flyer Armor Level 3  
  189  14:10  Drone x4  
  189  14:16  Zergling x12  
  196  14:38  Hatchery  
  195  14:48  Extractor  
  195  14:49  Drone x2  
  196  14:57  Extractor  
  196  14:59  Zergling x4  
  197  15:05  Zergling x2, Baneling x6  
  197  15:06  Zergling x2  
  196  15:48  Infestor x4  
  195  16:08  Corruptor x2  
  199  16:13  Hatchery  
  199  16:18  Hatchery  
  192  16:20  Extractor  
  192  16:21  Extractor, Baneling x8  
  192  16:25  Zergling x20  
  200  16:37  Zerg Missile Weapons Level 2  
  200  16:40  Extractor  
  200  16:42  Overlord  
  200  16:43  Overlord  
  198  16:49  Overlord  
  192  17:02  Corruptor, Brood Lord  
  192  17:03  Corruptor x3  
  192  17:04  Overlord  
  199  17:15  Overlord  
  198  17:24  Hatchery  
  198  17:27  Zergling x4  
  199  17:35  Zergling x8  
  196  17:51  Zergling x14  
  197  18:06  Zergling x6  
  200  18:15  Hatchery  
  196  18:25  Corruptor  
  198  18:33  Overlord  
  198  18:39  Drone  
  198  18:40  Drone x2  
  195  18:41  Extractor, Spore Crawler  
  195  18:42  Extractor, Drone x2, Spore Crawler  
  195  18:43  Ultralisk, Spore Crawler  
  196  18:50  Zergling x12  
  194  18:57  Zergling x12  
  199  19:03  Burrow  
  199  19:35  Hatchery  
  198  19:40  Baneling x5  
  198  19:44  Drone  
  199  19:46  Zerg Flyer Weapons Level 3  
  199  19:47  Overseer  
  199  19:50  Baneling x3  
  199  20:00  Extractor  
  199  20:01  Extractor  
  197  20:08  Drone x2  
  197  20:19  Zergling x8  
  186  20:38  Corruptor x4  
  186  20:39  Infestor x2  
  196  20:42  Zergling x2  
  196  20:43  Zergling x8  
  199  21:09  Spore Crawler  
  198  21:18  Zergling x14  
  200  21:34  Infestor x3  
  200  21:35  Infestor  
  200  21:44  Spore Crawler  
  197  21:50  Baneling x5  
  197  21:51  Zergling x4  
  190  22:03  Neural Parasite  
  182  22:14  Brood Lord x2  
  182  22:15  Brood Lord x3  
  185  22:17  Infestor x2  
  185  22:18  Corruptor x5  
  185  22:22  Baneling x3  
  199  22:23  Baneling x3  
  199  22:26  Hatchery  
  199  22:27  Drone  
  196  22:46  Zergling x14  
  198  22:54  Spore Crawler x2  
  198  22:55  Drone x6, Spore Crawler x3  
  198  22:56  Drone x3, Spore Crawler x2  
  198  22:57  Drone x2  
  198  22:58  Spore Crawler x2  
  198  23:08  Overlord x2  
  198  23:10  Overlord  
  198  23:12  Overlord  
  194  23:17  Hatchery  
  185  23:29  Extractor  
  185  23:30  Extractor, Drone x3  
  185  23:31  Drone x3  
  179  23:50  Infestor x3  
  179  23:51  Zergling x2  
  179  23:52  Zergling x10  
  190  23:57  Overlord  
  190  24:00  Viper x3  
  190  24:01  Corruptor  
  200  24:04  Hatchery  
  197  24:31  Drone x2  
  197  24:36  Extractor x2  
  197  24:37  Overseer  
  197  24:53  Zergling x4  
  196  25:00  Baneling x7  
  196  25:02  Infestor x3  
  196  25:05  Zergling x4  
  196  25:06  Lair  
  192  25:27  Zergling x14  
  199  25:29  Hatchery  
  199  25:31  Overlord  
  188  25:45  Infestor x4  
  188  25:46  Overseer  
  196  26:22  Zergling x4  
  196  26:23  Zergling x4  
  195  26:42  Ultralisk  
  195  26:47  Hive  
  195  26:50  Zergling x8  
  199  26:55  Hatchery  
  199  26:59  Spawning Pool  
  199  27:00  Overseer  
  197  27:02  Overlord  
  197  27:04  Overlord  
  193  27:09  Overlord x2  
  181  27:24  Drone x6, Overlord  
  186  27:31  Ultralisk x2  
  195  27:39  Overseer  
  194  28:14  Drone x3  
  197  28:23  Zergling x4  
  171  28:57  Corruptor x5  
  171  28:59  Drone x3  
  171  29:02  Corruptor x3  
  180  29:03  Corruptor x4  
  194  29:20  Viper  
Tags
 
Add a new tag
Caveats
  • Supply blocks, unpowered buildings, or Contaminate may cause inaccurate times.
  • Supply counts are checked every 10 seconds.